Map: Catalyst LE

Players

axu - Winner!

  • Race: Protoss Protoss
  • League: Platinum
  • Spawn Location: 5:00

AlexRAI

  • Race: Zerg Zerg
  • League: Diamond
  • Spawn Location: 11:00

VOD

Have the link to the VOD?

Description

Time

  • Played on: April 1, 2018, 11:41 a.m.
  • Length: 16:19
Show
View Real Time Build Order
Export as new Build Order

axu Protoss - Winner!

Build Orders: 1 Gate Expand 

Get SALT Encoding   

  12  0:01  Probe  
  13  0:13  Probe  
  14  0:21  Pylon  
  14  0:25  Probe  
  15  0:40  Probe (Chrono Boost)  
  15  0:41  Gateway  
  16  0:51  Assimilator  
  16  0:52  Probe (Chrono Boost)  
  17  0:59  Probe (Chrono Boost)  
  18  1:06  Probe  
  19  1:18  Probe  
  20  1:33  Nexus  
  20  1:40  Cybernetics Core  
  20  1:48  Probe  
  20  1:51  Assimilator  
  21  1:58  Pylon  
  21  2:00  Probe (Chrono Boost)  
  22  2:13  Probe (Chrono Boost)  
  23  2:19  Warp Gate  
  23  2:20  Adept  
  25  2:29  Probe  
  26  2:41  Probe  
  26  2:44  Gateway  
  27  2:46  Pylon  
  27  2:48  Adept, Probe  
  30  2:53  Probe  
  31  3:08  Probe x2  
  33  3:19  Adept  
  35  3:20  Probe x2  
  37  3:28  Stargate  
  37  3:30  Adept  
  37  3:33  Probe x2 (Chrono Boost)  
  41  3:37  Assimilator  
  41  3:39  Assimilator  
  43  3:42  Probe x2 (Chrono Boost)  
  43  3:45  Twilight Council  
  43  3:48  Stalker  
  45  4:13  Adept  
  45  4:15  Probe x2  
  43  4:36  Adept  
  43  4:39  Resonating Glaives  
  43  4:41  Gateway  
  43  4:42  Gateway  
  43  4:46  Gateway, Oracle  
  43  4:49  Gateway  
  46  5:12  Shield Battery  
  46  5:14  Shield Battery  
  46  5:29  Pylon  
  46  5:32  Pylon x2  
  46  5:42  Adept x2  
  50  5:47  Probe x2  
  50  5:49  Adept x2, Pylon  
  56  5:50  Adept x2  
  60  5:59  Probe  
  60  6:00  Probe  
  60  6:02  Pylon  
  62  6:12  Robotics Facility  
  62  6:33  Probe x2  
  64  6:45  Probe x2  
  66  6:49  Templar Archives  
  66  6:51  Charge  
  66  7:06  Immortal (Chrono Boost)  
  70  7:14  Nexus  
  70  7:22  Zealot x4  
  76  7:23  Zealot x2  
  76  7:29  Gateway x2  
  82  7:31  Gateway  
  82  7:33  Psionic Storm  
  82  7:35  Forge x2  
  86  7:44  Immortal (Chrono Boost), Pylon  
  86  7:47  Pylon  
  86  7:48  Probe  
  86  7:49  Probe  
  88  8:01  Probe x2  
  88  8:03  Shield Battery  
  87  8:06  Shield Battery  
  87  8:09  Immortal, Shield Battery  
  91  8:13  Probe  
  92  8:21  High Templar  
  92  8:22  High Templar x5, Protoss Ground Weapons Level 1 (Chrono Boost)  
  92  8:25  Archon  
  104  8:30  Archon x2  
  104  8:32  Protoss Ground Armor Level 1 (Chrono Boost)  
  105  8:48  Probe x3  
  105  8:58  Assimilator  
  105  9:00  Probe x2  
  105  9:01  Probe  
  105  9:02  Assimilator  
  98  9:06  Zealot x5  
  98  9:07  Zealot x3  
  114  9:12  Probe  
  115  9:22  Sentry  
  117  9:25  Pylon  
  117  9:27  Pylon  
  117  9:43  Probe x3  
  124  9:48  High Templar x4  
  132  9:58  Pylon  
  132  10:00  Pylon  
  132  10:03  Pylon  
  132  10:08  Shield Battery  
  132  10:12  Gateway  
  132  10:13  Gateway  
  132  10:17  Gateway  
  128  10:21  Observer (Chrono Boost)  
  113  10:36  Zealot x4  
  113  10:37  Zealot x4, Observer (Chrono Boost)  
  89  11:04  Zealot x5  
  61  11:05  Zealot x4  
  61  11:10  Immortal  
  77  11:17  Pylon  
  77  11:20  Pylon  
  77  11:21  Probe (Chrono Boost)  
  77  11:22  Assimilator, Probe (Chrono Boost)  
  80  11:26  Protoss Ground Weapons Level 2, Probe (Chrono Boost)  
  80  11:29  Protoss Ground Armor Level 2  
  80  11:31  Probe (Chrono Boost)  
  80  11:32  Probe (Chrono Boost)  
  81  11:33  High Templar x2  
  81  11:34  High Templar  
  81  11:35  High Templar, Probe (Chrono Boost)  
  90  11:43  Archon  
  90  11:44  Archon  
  90  11:48  Probe  
  90  11:49  Immortal  
  90  11:50  High Templar x3  
  90  11:51  High Templar x2  
  105  12:12  Pylon  
  105  12:18  Shield Battery  
  105  12:19  Shield Battery  
  105  12:28  Observer  
  106  12:30  High Templar x3  
  106  12:31  High Templar  
  106  12:34  Archon  
  114  12:37  Gateway x2  
  114  12:40  Gateway  
  95  12:54  Observer  
  95  12:57  Zealot  
  95  12:58  Zealot x4  
  102  13:09  Zealot  
  102  13:10  Zealot x3  
  110  13:19  High Templar x3  
  112  13:20  High Templar  
  112  13:26  Archon  
  114  13:27  Archon  
  114  13:29  Archon  
  114  13:41  Gateway  
  114  13:50  Probe x3  
  114  13:53  High Templar  
  114  13:54  High Templar x3  
  114  13:55  Zealot x6  
  133  13:56  Zealot  
  133  13:58  Archon x2  
  133  14:02  Probe  
  140  14:12  Robotics Facility  
  140  14:17  Zealot x3  
  140  14:18  Zealot x3, Nexus  
  140  14:22  Immortal  
  156  14:27  Pylon  
  132  14:52  Zealot x3  
  138  14:53  Zealot x5  
  138  14:54  Zealot x3  
  152  15:27  High Templar  
  152  15:28  High Templar x6  
Show
View Real Time Build Order
Export as new Build Order

AlexRAI Zerg 

Build Orders: Hatch First, Lurkers 

Get SALT Encoding   

  12  0:09  Overlord  
  12  0:13  Drone  
  13  0:17  Drone  
  14  0:27  Drone  
  15  0:31  Drone  
  16  0:52  Hatchery  
  16  0:54  Drone  
  16  0:59  Drone  
  17  1:04  Drone, Extractor  
  17  1:21  Spawning Pool  
  17  1:24  Drone  
  17  1:31  Drone  
  18  1:36  Drone  
  19  1:48  Overlord  
  19  2:09  Zergling x6  
  19  2:11  Queen  
  19  2:13  Queen  
  26  2:21  Metabolic Boost  
  26  2:50  Drone x2  
  28  2:51  Hatchery  
  25  3:26  Zergling x8  
  25  3:27  Zergling x2  
  30  3:33  Drone x5  
  35  3:41  Overlord x2  
  35  3:48  Lair  
  35  4:05  Drone  
  35  4:06  Drone x6, Extractor  
  41  4:12  Extractor  
  41  4:15  Extractor  
  38  4:27  Zergling x2  
  38  4:28  Zergling x14  
  44  4:47  Drone  
  44  4:48  Drone x8  
  51  5:02  Drone x4  
  51  5:06  Overlord  
  51  5:25  Hydralisk Den  
  50  5:28  Drone  
  50  5:29  Drone x3  
  54  5:52  Spore Crawler  
  54  5:53  Spore Crawler  
  52  6:04  Evolution Chamber, Queen  
  52  6:05  Evolution Chamber  
  52  6:20  Muscular Augments  
  52  6:33  Hydralisk  
  52  6:34  Hydralisk x6  
  52  6:38  Overlord  
  52  6:39  Overlord x3  
  66  6:45  Lurker Den  
  65  6:52  Infestation Pit  
  63  7:00  Queen  
  65  7:04  Zerg Missile Weapons Level 1  
  65  7:05  Zerg Ground Armor Level 1  
  65  7:08  Hydralisk  
  65  7:09  Hydralisk x6  
  79  7:32  Grooved Spines  
  79  7:35  Hydralisk  
  79  7:36  Hydralisk x6  
  93  7:44  Hive  
  93  7:50  Drone x3  
  96  8:09  Hydralisk  
  96  8:12  Overlord  
  98  8:13  Overlord x4  
  98  8:18  Overseer  
  80  8:47  Hydralisk  
  80  8:48  Hydralisk x8  
  88  9:12  Extractor  
  88  9:13  Extractor  
  88  9:14  Overseer  
  86  9:18  Pneumatized Carapace  
  86  9:22  Lurker x3  
  86  9:23  Lurker  
  90  9:25  Lurker  
  91  9:34  Zergling x20  
  91  9:35  Zergling x12  
  107  9:44  Zerg Missile Weapons Level 2  
  107  9:55  Drone  
  107  9:56  Drone x7  
  104  10:41  Hydralisk  
  104  10:42  Hydralisk x12  
  82  11:18  Hydralisk  
  82  11:19  Hydralisk x8  
  100  11:50  Lurker x4  
  100  11:51  Lurker  
  105  12:17  Drone  
  105  12:18  Drone x8  
  105  12:21  Hydralisk  
  105  12:22  Hydralisk x8  
  132  12:30  Hatchery  
  132  12:33  Hatchery  
  89  13:17  Hydralisk  
  89  13:18  Hydralisk x15  
  121  13:33  Overlord  
  121  13:34  Overlord x4  
  121  13:45  Queen  
  123  13:52  Drone x5  
  123  13:53  Drone x2  
  130  13:55  Hydralisk  
  132  14:05  Overseer x2  
  132  14:19  Lurker x2  
  132  14:20  Lurker  
  132  14:21  Lurker  
  132  14:22  Lurker  
  132  14:23  Lurker  
  138  14:24  Lurker  
  138  14:25  Lurker  
  138  14:26  Lurker  
  141  14:31  Hydralisk  
  141  14:32  Hydralisk  
  81  14:51  Hydralisk  
  81  14:52  Hydralisk x6  
  90  15:01  Zergling x8  
  90  15:02  Zergling x26  
Tags
 
Add a new tag
Caveats
  • Supply blocks, unpowered buildings, or Contaminate may cause inaccurate times.
  • Supply counts are checked every 10 seconds.